 Dungeon Crawl Stone Soup version 0.17-a0-854-g4a4ba72 (webtiles) character file.

2216 FedoraBrony69 the Basher (level 9, -5/86 HPs)
             Began as a Minotaur Berserker on Apr 28, 2015.
             Was an Elder of Trog.
             Slain by an orc warrior
             ... wielding a +0 halberd
              (9 damage)
             ... in a bailey.
             The game lasted 00:13:04 (6484 turns).

FedoraBrony69 the Basher (Minotaur Berserker)       Turns: 6484, Time: 00:13:04

Health: -5/86      AC:  9    Str: 26    XL:     9   Next: 13%
Magic:  8/8        EV:  8    Int:  8    God:    Trog [****..]
Gold:   579        SH:  0    Dex:  8    Spells: 0 memorised, 8 levels left

rFire  + . .     SeeInvis .     H - +10 mace of Action {elec, rElec Stlth+} (curse)
rCold  . . .     Clarity  .     I - +0 chain mail
rNeg   . . .     SustAb   .     (no shield)
rPois  .         Gourm    .     (helmet restricted)
rElec  +         Spirit   .     C - +0 cloak
rCorr  .         Warding  .     (no gloves)
rMut   .         Stasis   .     (no boots)
MR     ++...                    x - amulet of rage (curse)
Stlth  ..........               t - ring of protection from fire (curse)
                                B - ring "Elolaum" {Str+2 Int+4 Dex-3 Stlth-} (curse)

@: regenerating, very resistant to hostile enchantments, extremely unstealthy
A: retaliatory headbutt, horns 2
a: Burn Spellbooks, Berserk, Trog's Hand, Brothers in Arms, Renounce Religion,
Evoke Berserk Rage


You were in a bailey.
You worshipped Trog.
Trog was greatly pleased with you.
You were very hungry.

You visited 2 branches of the dungeon, and saw 8 of its levels.
You also visited: Ossuary and Bailey.

You collected 579 gold pieces.

Inventory:

Hand weapons
 H - the cursed +10 mace of Action (weapon) {elec, rElec Stlth+}
   (You found it on level 5 of the Dungeon)

   Occasionally, upon striking a foe, it will discharge some electrical energy
   and cause terrible harm.
   It insulates you from electricity.
   It makes you more stealthy.
   It has a curse placed upon it.
Armour
 C - a +0 cloak (worn)
 I - a +0 chain mail (worn)
Jewellery
 k - an uncursed ring of magical power
 t - a cursed ring of protection from fire (right hand)
 x - a cursed amulet of rage (around neck)
 B - the cursed ring "Elolaum" (left hand) {Str+2 Int+4 Dex-3 Stlth-}
   (You found it on level 6 of the Dungeon)

   [ring of dexterity]

   It affects your strength (+2).
   It affects your intelligence (+4).
   It affects your dexterity (-3).
   It makes you less stealthy.
   It has a curse placed upon it.
Magical devices
 b - a wand of flame (35)
 L - a wand of enslavement (0)
Scrolls
 a - a scroll of vulnerability {unknown}
 e - 8 scrolls of identify {unknown}
 j - 4 scrolls of teleportation {unknown}
 n - a scroll of enchant armour {unknown}
 o - a scroll of random uselessness {unknown}
 q - 2 scrolls of blinking {unknown}
 s - a scroll of noise {unknown}
 u - 2 scrolls of enchant weapon {unknown}
 v - 4 scrolls of remove curse {unknown}
 y - 3 scrolls of magic mapping {unknown}
Potions
 g - a potion of experience {unknown}
 h - a potion of haste
 i - a potion of heal wounds {unknown}
 l - 2 potions of might {unknown}
 m - a potion of curing
 p - a potion of lignification {unknown}
 r - a potion of degeneration {unknown}
 w - a potion of poison {unknown}
 z - a potion of mutation {unknown}
 A - 2 potions of flight {unknown}
 D - 2 potions of restore abilities {unknown}
 F - a potion of brilliance {unknown}
 J - a potion of agility {unknown}
Books
 G - a book of Flames

   Spells                             Type                      Level
   a - Flame Tongue                   Conjuration/Fire             1
   b - Throw Flame                    Conjuration/Fire             2
   c - Conjure Flame                  Conjuration/Fire             3
   d - Inner Flame                    Hexes/Fire                   3
   e - Sticky Flame                   Conjuration/Fire             4
   f - Fireball                       Conjuration/Fire             5
   Trog disapproves of the use of such an item.
 K - a book of Necromancy

   Spells                             Type                      Level
   a - Pain                           Necromancy                   1
   b - Animate Skeleton               Necromancy                   1
   c - Vampiric Draining              Necromancy                   3
   d - Regeneration                   Charms/Necromancy            3
   e - Animate Dead                   Necromancy                   4
   f - Control Undead                 Necromancy                   4
   Trog disapproves of the use of such an item.
Comestibles
 c - 5 bread rations
 d - 4 beef jerkies
 f - a meat ration
 E - 2 slices of pizza


   Skills:
 + Level 10.8 Fighting
 + Level 10.8 Maces & Flails
 - Level 2.4 Armour
 - Level 2.1 Dodging


You had 8 spell levels left.
You didn't know any spells.

Dungeon Overview and Level Annotations

Branches:
Dungeon (7/15)             Temple (1/1) D:4

Altars:
Ashenzari
Cheibriados
Dithmenos
Fedhas
Gozag
Kikubaaqudgha
Makhleb
Nemelex Xobeh
Okawaru
Qazlal
Ru
Sif Muna
Trog
Vehumet
Xom
Yredelemnul
Zin
The Shining One

Shops:
D:5 (


Innate Abilities, Weirdness & Mutations

You reflexively headbutt those who attack you in melee.
You have a pair of horns on your head.


Message History

The orc warrior hits you with a halberd.
* * * LOW HITPOINT WARNING * * *
You closely miss the orc warrior. You headbutt the orc warrior!
The orc warrior is heavily wounded.
The orc warrior completely misses you.
The orc warrior hits you with a halberd!
* * * LOW HITPOINT WARNING * * *
You sock the orc warrior! You headbutt the orc warrior.
You kill the orc warrior!
Trog accepts your kill.
The orc knight roars a battlecry!
The orc warrior goes into a battle-frenzy!
The orc warrior hits you with a halberd!
* * * LOW HITPOINT WARNING * * *
Use which ability? (? or * to list) You're too hungry to go berserk.
You hit the orc warrior.
The orc warrior is lightly wounded.
The orc warrior hits you with a halberd!
You die...

## ###
##.###########∩## ##
#$..##.....##...##..
#!.)#..≈≈≈..#...#..≈
#%..#.≈≈)≈≈.......≈≈
#..@'.≈o).≈....(..≈o
#))o#.≈≈.≈≈....(..≈≈
#...#..≈≈≈.(#..(#..≈
#)..##.....##.∩.##..
##.###########∩## ##
## ###


You could see an orc knight and an orc warrior (frenzied).

Vanquished Creatures
  A hippogriff (D:6)
  The ghost of FedoraBrony69 the Skirmisher, an average VSBe of Trog (D:3)
  An ice beast (D:6)
  Duvessa (D:7)
  A phantom (D:5)
  2 orc warriors
  A centaur (D:7)
  Dowan (D:7)
  A scorpion (D:5)
  3 wights (D:7)
  A jelly (D:6)
  A crimson imp (D:6)
  A giant frog zombie (D:5)
  A gnoll shaman (D:7)
  An orc priest (D:6)
  A hound (D:7)
  Crazy Yiuf (D:3)
  5 orc wizards
  2 centaur skeletons (D:6)
  A human zombie (Ossuary)
  5 worker ants
  2 big kobold zombies (Ossuary)
  3 mummies
  A worker ant zombie (D:7)
  3 adders
  4 gnolls (D:7)
  An ooze (D:5)
  2 worms (D:2)
  5 giant geckos
  14 orcs
  2 bat skeletons (D:6)
  A bat zombie (D:7)
  6 giant cockroaches
  3 gnoll zombies (Ossuary)
  17 goblins
  14 hobgoblins
  15 kobolds
  A quokka (D:3)
  A ball python (D:4)
  13 bats
  A giant gecko skeleton (D:5)
  A giant gecko zombie (D:6)
  5 giant newts
  2 goblin zombies (Ossuary)
  6 hobgoblin zombies (Ossuary)
  A quokka zombie (D:5)
  9 rats
166 creatures vanquished.

Vanquished Creatures (collateral kills)
  An orc warrior (Bailey)
  An orc (Bailey)
2 creatures vanquished.

Vanquished Creatures (others)
  2 orc warriors (Bailey)
  A hound (D:4)
  2 orcs (Bailey)
5 creatures vanquished.

Grand Total: 173 creatures vanquished

Notes
Turn   | Place    | Note
--------------------------------------------------------------
     0 | D:1      | FedoraBrony69, the Minotaur Berserker, began the quest for the Orb.
     0 | D:1      | Reached XP level 1. HP: 19/19 MP: 0/0
    91 | D:1      | Reached skill level 4 in Maces & Flails
   116 | D:1      | Reached XP level 2. HP: 25/27 MP: 1/1
   658 | D:2      | Acquired Trog's second power
   662 | D:2      | Reached XP level 3. HP: 27/34 MP: 2/2
   891 | D:2      | Reached skill level 5 in Maces & Flails
  1012 | D:2      | Reached XP level 4. HP: 41/41 MP: 3/3
  1418 | D:3      | Reached skill level 5 in Fighting
  1501 | D:3      | Found a shattered altar of Ashenzari.
  1594 | D:3      | Noticed FedoraBrony69's ghost (average VSBe)
  1600 | D:3      | Killed FedoraBrony69's ghost
  1600 | D:3      | Reached XP level 5. HP: 26/50 MP: 4/4
  1821 | D:3      | Found a burning altar of Makhleb.
  1885 | D:3      | Reached skill level 6 in Maces & Flails
  2007 | D:3      | Noticed Crazy Yiuf
  2010 | D:3      | Paralysed by Crazy Yiuf for 5 turns
  2020 | D:3      | Killed Crazy Yiuf
  2281 | D:4      | Found a snail-covered altar of Cheibriados.
  2663 | D:4      | Found a staircase to the Ecumenical Temple.
  2771 | D:4      | Reached XP level 6. HP: 46/57 MP: 5/5
  2836 | Temple   | Entered the Ecumenical Temple
  3117 | D:4      | Found a shimmering altar of Xom.
  3369 | D:5      | Entered Level 5 of the Dungeon
  3448 | D:5      | Found Riggic's Antique Weapon Emporium.
  3502 | D:5      | Reached skill level 7 in Maces & Flails
  3693 | D:5      | Found a shadowy altar of Dithmenos.
  3703 | D:5      | Got a faintly glowing mace
  3704 | D:5      | Identified the +10 mace of Action {elec, rElec Stlth+} (You found it on level 5 of the Dungeon)
  3748 | D:5      | Reached XP level 7. HP: 63/66 MP: 6/6
  3752 | D:5      | Found a blossoming altar of Fedhas.
  3756 | D:5      | Found a bloodstained altar of Trog.
  3757 | D:5      | Found a sparkling altar of Nemelex Xobeh.
  3806 | D:5      | Found a sand-covered staircase.
  3815 | Ossuary  | Entered an ossuary
  4097 | D:5      | Found an opulent altar of Gozag.
  4368 | D:6      | Reached skill level 8 in Maces & Flails
  4424 | D:6      | Acquired Trog's third power
  4481 | D:6      | Reached XP level 8. HP: 59/75 MP: 7/7
  4609 | D:6      | Found a basalt altar of Yredelemnul.
  4616 | D:6      | Got a pitted ivory ring
  4766 | D:6      | Reached skill level 9 in Fighting
  5185 | D:6      | Noticed a centaur skeleton
  5192 | D:6      | Killed a centaur skeleton
  5428 | D:7      | Reached skill level 10 in Fighting
  5483 | D:7      | Reached skill level 10 in Maces & Flails
  5928 | D:7      | Noticed Duvessa
  5928 | D:7      | Noticed Dowan
  5937 | D:7      | Killed Duvessa
  5937 | D:7      | Reached XP level 9. HP: 69/86 MP: 8/8
  5944 | D:7      | Killed Dowan
  5985 | D:7      | Found a flagged portal.
  5998 | Bailey   | Entered a bailey
  5998 | Bailey   | Noticed an orc knight
  6000 | Bailey   | Noticed an orc knight
  6297 | Bailey   | Identified the cursed ring "Elolaum" {Str+2 Int+4 Dex-3 Stlth-} (You found it on level 6 of the Dungeon)
  6483 | Bailey   | HP: 3/86 [orc warrior/halberd (14)]
  6484 | Bailey   | Slain by an orc warrior

Action                   |  1- 3 |  4- 6 |  7- 9 || total
-------------------------+-------+-------+-------++-------
Melee: Mace              |    77 |    92 |   143 ||   312
       Quarterstaff      |       |    17 |       ||    17
Invok: Trog's Hand       |       |     3 |     4 ||     7
       Berserk           |       |     1 |     2 ||     3
Evoke: Wand              |       |       |    10 ||    10
  Use: Potion            |       |       |     2 ||     2
  Eat: Chunk             |       |    10 |    11 ||    21
